 Dungeon Crawl Stone Soup version 0.30.1 (webtiles) character file.

Game seed: 1244116513811767848

53 boopmooplesden the Twirler (level 3, -3/27 HPs)
             Began as a Demonspawn Gladiator on July 11, 2023.
             Slain by a gnoll
             ... wielding a +0 halberd
              (5 damage)
             ... on level 2 of the Dungeon.
             The game lasted 00:01:32 (808 turns).

boopmooplesden the Twirler (Demonspawn Gladiator)    Turns: 808, Time: 00:01:34

Health: -3/27      AC:  4    Str: 16    XL:     3   Next: 62%
Magic:  3/3        EV: 12    Int:  9    God:
Gold:   81         SH:  0    Dex: 14    Spells: 2/2 levels left

rFire   . . .        a - +0 quarterstaff
rCold   . . .        (shield currently unavailable)
rNeg    . . .        b - +0 leather armour
rPois   .            c - +0 helmet
rElec   .            (no cloak)
rCorr   .            (no gloves)
SInv    .            (no boots)
Will    .....        (no amulet)
Stlth   +            (no ring)
HPRegen 0.24/turn    (no ring)
MPRegen 0.08/turn

%: no passive effects
@: lethally poisoned (-3 -> -11)
A: weakness stinger 1
a: no special abilities


You were on level 2 of the Dungeon.
You visited 1 branch of the dungeon, and saw 2 of its levels.

You collected 81 gold pieces.

Inventory:

Hand Weapons
 a - a +0 quarterstaff (weapon)
Missiles
 d - a throwing net (quivered)
 e - a javelin
Armour
 b - a +0 leather armour (worn)
 c - a +0 helmet (worn)
 h - a +0 scale mail
 k - a +0 plate armour
Jewellery
 n - a ring of magical power
Scrolls
 f - a scroll of magic mapping
 g - 3 scrolls of identify
 l - a scroll of fear
Potions
 i - a potion of curing
 o - a potion of degeneration


   Skills:
 + Level 2.0 Fighting
 + Level 3.7 Staves
 + Level 1.8 Throwing
 + Level 3.3 Dodging
 + Level 0.1 Stealth


You had 2 spell levels left.
You didn't know any spells.
Your spell library contained the following spells:

 Spells                   Type           Power      Damage    Failure   Level
 Slow                     Hex            0%         N/A       45%         1
 Confusing Touch          Hex            0%         N/A       83%         3
 Vampiric Draining        Necr           0%         2d6       83%         3


Dungeon Overview and Level Annotations

Branches:
Dungeon (2/15)

Altars:


Innate Abilities, Weirdness & Mutations

You have a small tail.


Message History

You see here a bat corpse.
You hit the gnoll.
The gnoll is moderately wounded.
The gnoll struggles against the net.
You hit the gnoll.
The gnoll is severely wounded.
The gnoll struggles against the net.
You sock the gnoll!
You kill the gnoll!
The scorpion stings you but does no damage.
You barely miss the scorpion. The scorpion stings you.
You barely miss the scorpion.
The scorpion stings you but does no damage.
Unknown command.
Throw: 2 throwing nets
Press: ? - help, Q - select action, (/) - cycle Shift-Dir - straight line, f - scorpion
Aim: a scorpion (59% to hit)
You throw a throwing net. The throwing net hits the scorpion.
The scorpion is caught in the net!
The scorpion struggles against the net. x2
You hit the scorpion but do no damage.
The scorpion struggles against the net.
You thump the scorpion!
The scorpion is heavily wounded.
The scorpion struggles against the net.
The net rips apart, and the scorpion comes free!
The gnoll barely misses you.
You barely miss the scorpion. You tail-slap the scorpion.
The scorpion is almost dead.
The scorpion stings you.
You are poisoned.
The scorpion poisons you!
The gnoll hits you from afar with a +0 halberd!
* * * LOW HITPOINT WARNING * * *
You closely miss the scorpion.
The scorpion is almost dead.
* * * LOW HITPOINT WARNING * * *
You feel very sick.
The scorpion stings you but does no damage.
The gnoll hits you from afar with a +0 halberd.
You die...

#. ... #..#
... .. #..#
....##. #!.#
#.....###..#
#.....K<..K##
#......##ggS#
#....g..####g#
#.......# #s#
#.#.....# #@#
# #Sg#g## #.#
....#. #.#
.... .. #.#
#.#. .. ..#
##.# #.. #.#
#.#


You could see a scorpion, 2 gnolls, an adder and a kobold.

Vanquished Creatures
  2 gnolls
  2 dart slugs (D:1)
  A bat (D:2)
  An endoplasm (D:1)
  A giant cockroach (D:1)
  2 goblins (D:1)
  2 hobgoblins (D:1)
  4 jackals (D:1)
  2 quokkas
  4 ball pythons (D:1)
  A frilled lizard (D:1)
  A kobold (D:1)
  6 rats (D:1)
29 creatures vanquished.

Notes
Turn   | Place    | Note
-------+----------+-------------------------------------------
     0 | D:1      | boopmooplesden the Demonspawn Gladiator began the quest for
                  | the Orb.
     0 | D:1      | Reached XP level 1. HP: 16/16 MP: 1/1
   217 | D:1      | Discovered your monstrous ancestry.
   217 | D:1      | Gained mutation: You have a small tail. [demonic ancestry]
   217 | D:1      | Reached XP level 2. HP: 21/22 MP: 2/2
   397 | D:1      | Reached XP level 3. HP: 8/27 MP: 3/3
   784 | D:2      | Noticed a scorpion
   808 | D:2      | Slain by a gnoll

Illustrated notes

Levels and vault maps discovered:
D:1:      dpeg_arrival_pits, layout_loops_ring
D:2:      layout_loops_ring, uniq_natasha

Skill      XL: |  1  2 |
---------------+-------+-----
Staves         | 3 |  3.7
Dodging        | 3 |  3.3
Fighting       | |  2.0
Throwing       | |  1.8
Stealth        | |  0.1

Action                     || total
---------------------------++-------
  Melee: Quarterstaff      ||    79
         Tailslap          ||     7
  Throw: Throwing net      ||     2
    Use: Scroll            ||     6
 Armour: Leather armour    ||    26
  Dodge: Dodged            ||    84
